 Dungeon Crawl Stone Soup version 0.29.1-2-gbd0b4ee654 (webtiles) character file.

Game seed: 700545534643027070

1457 Icepheonix32 the Changer (level 8, -9/60 HPs)
             Began as a Demigod Transmuter on Nov 10, 2022.
             Killed from afar by a steam dragon (23 damage)
             ... with a ball of steam
             ... on level 7 of the Dungeon.
             The game lasted 00:15:00 (7752 turns).

Icepheonix32 the Changer (Demigod Transmuter)       Turns: 7752, Time: 00:15:01

Health: -9/60      AC:  2    Str: 19    XL:     8   Next: 23%
Magic:  14/16      EV: 21    Int: 15    God:
Gold:   406        SH:  0    Dex: 25    Spells: 0/13 levels left

rFire   . . .      SeeInvis .     - Unarmed
rCold   + . .      Faith    .   (shield currently unavailable)
rNeg    . . .      Spirit   .   (body armour currently unavailable)
rPois   x          Reflect  .   (helmet currently unavailable)
rElec   .          Harm     .   (cloak currently unavailable)
rCorr   .          Rampage  .   (gloves currently unavailable)
Will    .....                   (boots currently unavailable)
Stlth   ++........              m - amulet of regeneration
HPRegen 1.00/turn               A - ring of protection from cold
MPRegen 0.15/turn               a - +6 ring of dexterity

@: spider-form
A: venomous fangs, tiny, high MP 1, forlorn, divine attributes
a: End Transformation


You were on level 7 of the Dungeon.
You were a venomous arachnid creature.
You visited 1 branch of the dungeon, and saw 8 of its levels.

You collected 406 gold pieces.

Inventory:

Hand Weapons
 r - the +0 spear of Basas {holy, rF+ Dex+4}
   (You found it on level 2 of the Dungeon)

   It has been blessed by the Shining One to cause great damage to the undead
   and demons.
   Dex:       It affects your dexterity (+4).
   rF:        It protects you from fire.
Missiles
 z - 2 boomerangs
Armour
 i - +0 steam dragon scales (melded)
 p - a +0 cloak (melded)
 q - an orb of guile
 H - a +2 kite shield
Magical Staves
 l - a staff of conjuration
 o - a staff of cold
Jewellery
 a - a +6 ring of dexterity (right front leg)
 m - an amulet of regeneration (around neck)
 A - a ring of protection from cold (left front leg)
Wands
 t - a wand of roots (7)
 B - a wand of digging (21)
Scrolls
 d - 5 scrolls of teleportation
 f - a scroll of brand weapon {unknown}
 g - 3 scrolls of vulnerability
 h - 2 scrolls of blinking
 k - 2 scrolls of magic mapping
 x - 4 scrolls of silence
 y - 4 scrolls of identify
 C - 4 scrolls of amnesia {unknown}
 D - a scroll of noise {unknown}
 E - a scroll of enchant weapon
Potions
 b - a potion of lignification
 c - 2 potions of might
 e - a potion of attraction {unknown}
 j - a potion of cancellation
 n - a potion of brilliance
 s - 3 potions of flight
 u - 3 potions of curing
 v - a potion of haste {unknown}
 w - a potion of degeneration {unknown}
 F - a potion of invisibility {unknown}
 G - a potion of heal wounds


   Skills:
 - Level 1.7 Fighting
 - Level 3.0 Dodging
 - Level 5.1 Unarmed Combat
 - Level 3.4 Spellcasting
 * Level 0.6 Hexes
 * Level 5.5 Transmutations
 * Level 3.8 Ice Magic
 - Level 2.3 Poison Magic


You couldn't memorise any spells.
You knew the following spells:

 Your Spells              Type           Power      Damage    Failure   Level
a - Beastly Appendage     Tmut           38%        N/A       8%          1
b - Spider Form           Tmut/Pois      14%        N/A       28%         3
c - Wereblood             Tmut           19%        N/A       11%         2
d - Ice Form              Ice/Tmut       16%        N/A       50%         4
e - Tukima's Dance        Hex            4%         N/A       63%         3

Your spell library contained the following spells:

 Spells                   Type           Power      Damage    Failure   Level
 Magic Dart               Conj           8%         1d3       38%         1
 Shock                    Conj/Air       8%         1d3       38%         1
 Searing Ray              Conj           4%         2d4       50%         2
 Inner Flame              Hex/Fire       3%         N/A       67%         3
 Swiftness                Air            2%         N/A       71%         3
 Cause Fear               Hex            2%         N/A       93%         4
 Yara's Violent Unravell  Hex/Tmut       5%         3d4       94%         5
 Fulminant Prism          Conj/Hex       1%         3d6       95%         4
 Airstrike                Air            1%         2d(1-17)  96%         4
 Passage of Golubria      Tloc           2%         N/A       96%         4
 Discord                  Hex            2%         N/A       100%        8


Dungeon Overview and Level Annotations

Branches:
Dungeon (8/15)             Temple (0/1) D:4
   Lair: D:8-11

Shops:
D:3 :   D:5 =


Innate Abilities, Weirdness & Mutations

You are a venomous arachnid creature.
You have poisonous fangs.
You are tiny and dextrous.
Your spellcasting is less reliable in this form.
Your armour is entirely melded.
You are incapable of wielding weapons or throwing items.
You have an increased reservoir of magic. (+10% MP)
You shall have no god before yourself.
Your divine heritage dramatically boosts your attributes as you level up.


Message History

Unknown command.
A yak comes into view.
You bite the yak!
The yak is lightly wounded.
You hit the yak.
The yak is poisoned.
The yak is moderately wounded.
The yak misses you. The yak gores you! The steam dragon barely misses you.
The steam dragon misses you.
You climb upwards.
There is a stone staircase leading down here.
You hit the yak.
The yak looks as sick as possible!
The yak is moderately wounded.
The steam dragon breathes steam at you. The ball of steam misses you.
The yak closely misses you.
You hit the yak.
The yak is severely wounded.
You are engulfed in a cloud of scalding steam.
The steam dragon breathes steam at you. The ball of steam misses you.
The yak is engulfed in a cloud of scalding steam.
The yak misses you. The yak attacks as you move away! The yak gores you!
The yak is engulfed in a cloud of scalding steam.
The yak dies!
You hit the steam dragon but do no damage.
The steam dragon is poisoned.
You are engulfed in a cloud of scalding steam.
The steam dragon barely misses you. The steam dragon misses you.
You hit the steam dragon but do no damage.
The steam dragon looks as sick as possible!
The steam dragon is lightly wounded.
The steam dragon breathes steam at you. The ball of steam hits you!!
* * * LOW HITPOINT WARNING * * *
You bite the steam dragon!
The steam dragon is heavily wounded.
The steam dragon breathes steam at you. The ball of steam hits you!!
You die...

# #....############†....# #.
## ###..........# #.....###.
.# #.........##.# ###.####..
.# #.....###.##.# #.# #.# .#
#..#.## #.##.# ###.####.# .#
#..#.# #.##.# ##.....##.# .#
#..#.# ##.##.# #..........
.#
#..#.###...#D#####.#####....
.# #..#.......s§......#
#.... .###
#..#####§.§#.......# #.#..
...# #..# ##§##.####..#
#.#.# ##.# #..######.##.#
#..#####.#.# #.#
#.....<.<.##.####......).#.#
#.#
##.#########.........#.###(#
#.# #.......#
#.####.....#.##.. #.#
#######.###.# #....###....
#.# #........# #[....#.##.#


You could see a steam dragon (extremely poisoned, catching breath).

Vanquished Creatures
  A naga (D:7)
  A black bear (D:6)
  2 ogres
  A phantom (D:4)
  A howler monkey (D:6)
  A jelly (D:7)
  3 orc priests
  A gnoll bouda (D:4)
  4 hounds
  Ijyb (D:5)
  4 iguanas
  8 orc wizards
  10 gnolls
  4 adders
  A white imp (D:7)
  2 ufetubi
  3 worms
  3 dart slugs
  30 orcs
  8 endoplasms
  4 giant cockroaches
  3 goblins
  7 hobgoblins
  4 jackals (D:3)
  A quokka (D:2)
  8 ball pythons
  A bat (D:1)
  3 frilled lizards
  5 kobolds
  5 rats
130 creatures vanquished.

Vanquished Creatures (others)
  A yak (D:7)
  4 plants (D:4)
5 creatures vanquished.

Grand Total: 135 creatures vanquished

Notes
Turn   | Place    | Note
-------+----------+-------------------------------------------
     0 | D:1      | Icepheonix32 the Demigod Transmuter began the quest for the
                  | Orb.
     0 | D:1      | Reached XP level 1. HP: 15/15 MP: 5/5
   662 | D:1      | Reached XP level 2. HP: 22/22 MP: 5/7
  1466 | D:1      | HP: 1/22 [goblin/+0 dagger (1)]
  1471 | D:1      | Reached XP level 3. HP: 17/27 MP: 7/9
  2274 | D:2      | Identified the +0 spear of Basas {holy, rF+ Dex+4}
  2568 | D:3      | Found Gioxt's Book Shop.
  2581 | D:3      | Learned a level 3 spell: Spider Form
  2584 | D:3      | Learned a level 2 spell: Wereblood
  2967 | D:3      | Reached XP level 4. HP: 30/34 MP: 8/10
  2972 | D:3      | Reached skill level 1 in Fighting
  3779 | D:3      | Reached XP level 5. HP: 37/40 MP: 9/11
  4395 | D:4      | Reached skill level 1 in Poison Magic
  4424 | D:4      | Reached skill level 1 in Ice Magic
  4439 | D:4      | Noticed an ogre
  4451 | D:4      | Killed an ogre
  4452 | D:4      | Reached XP level 6. HP: 18/47 MP: 1/13
  4925 | D:4      | Found a staircase to the Ecumenical Temple.
  5179 | D:5      | Entered Level 5 of the Dungeon
  5261 | D:5      | Reached XP level 7. HP: 39/52 MP: 10/14
  5343 | D:5      | Learned a level 4 spell: Ice Form
  5364 | D:5      | Noticed Ijyb
  5393 | D:5      | Killed Ijyb
  5609 | D:5      | Found Udatuuq's Jewellery Shoppe.
  6301 | D:6      | Reached skill level 5 in Unarmed Combat
  6935 | D:7      | Noticed Maggie
  6936 | D:7      | Noticed Maggie
  6936 | D:7      | Maggie changed into Maggie the naga
  6951 | D:7      | HP: 1/53 [constriction (5)]
  6954 | D:7      | Killed Maggie the naga
  7173 | D:7      | Reached XP level 8. HP: 23/60 MP: 16/16
  7291 | D:7      | Reached skill level 5 in Transmutations
  7609 | D:7      | Learned a level 3 spell: Tukima's Dance
  7752 | D:7      | Killed from afar by a steam dragon

Illustrated notes

Levels and vault maps discovered:
D:1:      mushboom_english_gardens, layout_loops_corners,
          hellmonk_ecumenical_altar_heavens_door
D:2:      layout_rooms
D:3:      layout_basic, mainiacjoe_overflow_paths, serial_shops, shop
D:4:      layout_loops_ring, minmay_temple_entry_gardened_gates
D:5:      layout_rooms, serial_shops, nicolae_lakefront_shop, uniq_ijyb
D:6:      layout_basic, kennysheep_nondescript, chequers_serial_rivers_micro_d,
          roderic_three_in_a_row
D:7:      layout_loops_ring, uniq_maggie
D:8:      layout_cave_pools, serial_gnoll_camp, gnoll_camp_mini_hut,
          gnoll_camp_mini_shop, gnoll_camp_medium_01, gnoll_camp_mini_shop

Skill      XL: |  1  2  3  4  5  6  7  8 |
---------------+-------------------------+-----
Dodging        | 2 3 |  3.0
Spellcasting   | 2 3 |  3.4
Transmutations | 2 3 4 5 |  5.5
Unarmed Combat | 3 4 5 |  5.1
Fighting       | 1 |  1.7
Poison Magic   | 1 2 |  2.3
Ice Magic      | 1 2 3 |  3.8
Hexes          | |  0.6

Action                   |  1- 3 |  4- 6 |  7- 9 || total
-------------------------+-------+-------+-------++-------
Melee: Unarmed           |   129 |   135 |   161 ||   425
       Kick              |    19 |    25 |     3 ||    47
       Headbutt          |    14 |    10 |       ||    24
       Punch             |     2 |     1 |       ||     3
 Cast: Beastly Appendage |    31 |    20 |     1 ||    52
       Wereblood         |       |     5 |     4 ||     9
       Spider Form       |       |     5 |    22 ||    27
Evoke: Wand              |       |       |     1 ||     1
  Use: Potion            |     2 |     2 |     1 ||     5
       Scroll            |     3 |     8 |       ||    11
 Stab: Sleeping          |       |     1 |     2 ||     3
Armor: Robe              |    21 |     3 |     1 ||    25
       Skin              |       |     2 |    11 ||    13
       Steam dragon scal |       |       |     1 ||     1
Dodge: Dodged            |    64 |    83 |    93 ||   240
